 Dungeon Crawl Stone Soup version 0.28-a0-1447-ga5a8893891 (webtiles) character file.

Game seed: 15230130886573827177

97 bande the Covered (level 4, -10/29 HPs)
             Began as a Gargoyle Fighter on Jan 11, 2022.
             Mangled by an ogre (15 damage)
             ... on level 3 of the Dungeon.
             The game lasted 00:03:44 (2365 turns).

bande the Covered (Gargoyle Fighter)                Turns: 2365, Time: 00:03:44

Health: -10/29     AC: 10    Str: 19    XL:     4   Next: 68%
Magic:  4/4        EV:  9    Int:  9    God:
Gold:   156        SH:  4    Dex: 11    Spells: 3/3 levels left

rFire   . . .      SeeInvis .   a - +1 war axe
rCold   . . .      Faith    .   c - +0 buckler
rNeg    + . .      Spirit   .   b - +0 scale mail
rPois   ∞          Reflect  .   (no helmet)
rElec   +          Harm     .   (no cloak)
rCorr   .          Rampage  .   (no gloves)
Will    .....                   (no boots)
Stlth   ..........              (no amulet)
HPRegen 0.09/turn               i - ring of wizardry
MPRegen 0.09/turn               (no ring)

@: mighty
A: sickness immunity, AC +3, negative energy resistance 1, electricity
resistance, torment resistance 1, petrification resistance
a: no special abilities


You were on level 3 of the Dungeon.
You visited 1 branch of the dungeon, and saw 3 of its levels.

You collected 156 gold pieces.

Inventory:

Hand Weapons
 a - a +1 war axe (weapon)
 g - a +2 mace of holy wrath
Armour
 b - a +0 scale mail (worn)
 c - a +0 buckler (worn)
Jewellery
 i - a ring of wizardry (left hand)
Scrolls
 e - a scroll of fog
 h - a scroll of enchant weapon
Potions
 d - a potion of might
 f - a potion of heal wounds {unknown}
 j - a potion of haste {unknown}
 k - a potion of degeneration {unknown}


   Skills:
 + Level 3.9 Fighting
 + Level 2.9 Axes
 + Level 4.2 Armour
 + Level 3.6 Shields


You had 3 spell levels left.
You didn't know any spells.
Your spell library was empty.

Dungeon Overview and Level Annotations

Branches:
Dungeon (3/15)

Altars:


Innate Abilities, Weirdness & Mutations

You are immune to sickness and miasma.
Your stone body is resilient. (AC +3)
You are immune to poison.
You resist negative energy. (rN+)
You are resistant to electric shocks. (rElec)
You are resistant to unholy torment.
You are immune to petrification.


Message History

The iguana is severely wounded.
An orc comes into view. It is wielding a +0 mace.
The iguana completely misses you.
You closely miss the iguana.
The iguana is severely wounded.
The orc shouts!
The iguana bites you!
* * * LOW HITPOINT WARNING * * *
You hit the iguana.
You kill the iguana!
You start resting.
An orc is nearby!
An orc is nearby!
You closely miss the orc. You block the orc's attack.
The orc closely misses you.
You closely miss the orc. The orc closely misses you.
You hit the orc.
The orc is almost dead.
The orc barely misses you. x2
You slash the orc!
You kill the orc!
You now have 156 gold pieces (gained 5).
Things that are here:
a +0 mace; a +0 ring mail; an orc corpse You start resting.
An ogre comes into view. It is wielding a +0 giant spiked club.
An ogre is nearby!
An ogre is nearby!
The ogre shouts!
You feel very mighty all of a sudden.
You slash the ogre!
The ogre is heavily wounded.
The ogre hits you with a +0 giant spiked club!
Ouch! That really hurt!
* * * LOW HITPOINT WARNING * * *
You closely miss the ogre.
The ogre is heavily wounded.
The ogre hits you with a +0 giant spiked club!
Ouch! That really hurt!
You die...

###.........)..................#
#......#.†.......#.........#+#.#
#......##.######.#.#....)#.# .#
#......##.# #...#....†#... +#
#......##.# #####.....#.....
######.####### #................
...##...##...###.##.###.......##
.♣....♣....♣.>##O##.# #.......#
...##...##...##.@##.###....#.
######.############.#.#....#..
##.## ........o.# #.# #...#
........#.# #.♣.# ........#.#
#...# ........#.# ##>##
........#.# ### ........#o#
........#.####


You could see an ogre.

Vanquished Creatures
  An iguana (D:3)
  2 adders
  3 worms (D:2)
  An orc (D:3)
  7 endoplasms
  2 giant cockroaches
  5 goblins
  3 hobgoblins
  5 kobolds
  2 quokkas (D:2)
  4 bats
  5 rats
40 creatures vanquished.

Notes
Turn   | Place    | Note
-------+----------+-------------------------------------------
     0 | D:1      | bande the Gargoyle Fighter began the quest for the Orb.
     0 | D:1      | Reached XP level 1. HP: 14/14 MP: 1/1
   189 | D:1      | Reached XP level 2. HP: 19/19 MP: 2/2
   784 | D:2      | Found a faded altar of an unknown god.
  1293 | D:2      | Reached XP level 3. HP: 24/24 MP: 3/3
  1638 | D:2      | Reached skill level 4 in Armour
  2063 | D:3      | Reached XP level 4. HP: 26/29 MP: 4/4
  2361 | D:3      | Noticed an ogre
  2365 | D:3      | Mangled by an ogre

Illustrated notes

Levels and vault maps discovered:
D:1:      dpeg_arrival_tiny_d, layout_basic, minivault_25, minmay_hexomino_p4
D:2:      layout_loops_ring, hellmonk_ecumenical_altar_arch_garden,
          hangedman_decor_points
D:3:      layout_basic, grunt_ministairs_5, st_stairs_3

Skill      XL: |  1  2  3 |
---------------+----------+-----
Axes           | 2 |  2.9
Armour         | 4 |  4.2
Fighting       | |  3.9
Shields        | |  3.6

Action                   |  1- 3 |  4- 6 || total
-------------------------+-------+-------++-------
Melee: War axe           |   102 |    23 ||   125
  Use: Scroll            |       |     3 ||     3
       Potion            |       |     1 ||     1
Armor: Scale mail        |    67 |     4 ||    71
Dodge: Dodged            |    34 |    13 ||    47
Block: Buckler           |    17 |     5 ||    22

Table legend: (Time is in decaauts)
 A = Elapsed time spent in this place.
 B = Non-inter-level travel time spent in this place.
 C = Inter-level travel time spent in this place.
 D = Time resting spent in this place.
 E = Time spent auto-exploring this place.
 F = Levels seen in this place.
 G = Mean time per level.
                   A        B        C        D        E       F      G
               +--------+--------+--------+--------+--------+-----+--------+
         Total |   2418 |   2398 |     20 |    341 |   1623 |   3 |  806.0 |
       Dungeon |   2418 |   2398 |     20 |    341 |   1623 |   3 |  806.0 |
               +--------+--------+--------+--------+--------+-----+--------+

Top non-repeatable levels by time:
     D:2: 1222 daAuts
     D:1: 787 daAuts
     D:3: 408 daAuts
